 Dungeon Crawl Stone Soup version 0.29-a0-1016-g236c7fd91e (webtiles) character file.

Game seed: 10195624131798188372

1617 flotson the Trooper (level 8, -4/64 HPs)
             Began as a Demonspawn Delver on Aug 9, 2022.
             Slain by an orc warrior
             ... wielding a +0 war axe
              (17 damage)
             ... on level 7 of the Dungeon.
             The game lasted 00:08:28 (7226 turns).

flotson the Trooper (Demonspawn Delver)             Turns: 7226, Time: 00:08:30

Health: -4/64      AC: 11    Str: 15    XL:     8   Next: 64%
Magic:  8/8        EV: 12    Int: 12    God:
Gold:   272        SH:  0    Dex: 14    Spells: 7/7 levels left

rFire   . . .      SeeInvis .   q - +4 quarterstaff (chaos)
rCold   . . .      Faith    .   (shield currently unavailable)
rNeg    . . .      Spirit   .   h - +0 ring mail
rPois   .          Reflect  .   (helmet restricted)
rElec   .          Harm     .   r - +0 cloak
rCorr   .          Rampage  .   (no gloves)
Will    .....                   (no boots)
Stlth   ++........              (no amulet)
HPRegen 0.20/turn               j - +4 ring of protection
MPRegen 0.11/turn               (no ring)

@: no status effects
A: hooves 1, horns 2, foul stench 1, weakness stinger 1
a: no special abilities


You were on level 7 of the Dungeon.
You visited 1 branch of the dungeon, and saw 7 of its levels.

You collected 372 gold pieces.
You spent 100 gold pieces at shops.

Inventory:

Hand Weapons
 a - a +0 spear
 q - a +4 quarterstaff of chaos (weapon)
 s - a +0 hammer
Missiles
 b - 26 poisoned darts (quivered)
 y - 4 boomerangs
Armour
 h - a +0 ring mail (worn)
 r - a +0 cloak (worn)
Jewellery
 j - a +4 ring of protection (left hand)
Wands
 g - a wand of digging (3)
 p - a wand of flame (10)
 E - a wand of polymorph (8)
Scrolls
 c - 2 scrolls of fog
 d - 2 scrolls of magic mapping
 e - 2 scrolls of fear
 i - 8 scrolls of identify {unknown}
 k - 2 scrolls of torment {unknown}
 u - 3 scrolls of enchant weapon {unknown}
 x - 3 scrolls of vulnerability {unknown}
 z - a scroll of immolation {unknown}
 A - 2 scrolls of noise {unknown}
 B - 4 scrolls of enchant armour {unknown}
 C - a scroll of teleportation {unknown}
 D - a scroll of blinking {unknown}
 F - a scroll of silence {unknown}
Potions
 f - a potion of haste
 l - 5 potions of flight {unknown}
 m - 3 potions of attraction {unknown}
 n - 2 potions of lignification {unknown}
 o - a potion of brilliance {unknown}
 t - 2 potions of might
 v - a potion of heal wounds
 w - a potion of invisibility {unknown}


   Skills:
 + Level 5.7 Fighting
 - Level 1.7 Polearms
 + Level 4.2 Throwing
 + Level 4.2 Armour
 + Level 4.7 Dodging
 - Level 4.5 Stealth
 + Level 4.7 Evocations


You had 7 spell levels left.
You didn't know any spells.
Your spell library contained the following spells:

 Spells                   Type           Power      Damage    Failure   Level
 Beastly Appendage        Tmut           0%         N/A       52%         1
 Magic Dart               Conj           0%         1d3       52%         1
 Shock                    Conj/Air       0%         1d3       52%         1
 Call Imp                 Summ           0%         N/A       67%         2
 Wereblood                Tmut           0%         N/A       67%         2
 Mephitic Cloud           Conj/Pois/Air  0%         N/A       88%         3
 Portal Projectile        Hex/Tloc       0%         N/A       88%         3
 Spider Form              Tmut/Pois      0%         N/A       88%         3
 Swiftness                Air            0%         N/A       88%         3
 Tukima's Dance           Hex            0%         N/A       88%         3
 Airstrike                Air            0%         2d(0-16)  99%         4
 Passage of Golubria      Tloc           0%         N/A       99%         4
 Blade Hands              Tmut           0%         N/A       100%        5
 Yara's Violent Unravell  Hex/Tmut       0%         3d3       100%        5
 Malign Gateway           Summ/Tloc      0%         N/A       100%        7
 Summon Horrible Things   Summ           0%         N/A       100%        8


Dungeon Overview and Level Annotations

Branches:
Dungeon (7/15)
 Temple: D:4-7

Altars:
Ru
Uskayaw

Shops:
D:2 (   D:4 !


Innate Abilities, Weirdness & Mutations

You have large cloven feet.
You have a pair of horns on your head.
You may rarely emit foul miasma when damaged in melee.
You have a small tail.


Message History

Unknown command.
You are too injured to fight recklessly!
Unknown command.
The sky beast barely misses you.
The orc wizard is engulfed in dark miasma.
The orc wizard looks even sicker.
You kill the orc wizard!
The orc warrior attacks as you move away!
The orc warrior barely misses you. The sky beast attacks as you move away!
The sky beast misses you. The sky beast attacks as you move away!
The sky beast hits you but does no damage.
The sky beast attacks as you move away!
The sky beast hits you but does no damage.
You hit the sky beast.
The sky beast resists with some effort.
Your kick misses the sky beast. You headbutt the sky beast!
The sky beast is heavily wounded.
The sky beast hits you. The sky beast shocks you.
The sky beast hits you but does no damage.
You miss the sky beast. Your kick misses the sky beast.
You headbutt the sky beast.
The sky beast is severely wounded.
The sky beast flickers out of sight!
Deactivating autopickup; reactivate with Ctrl-A.
Something hits you but does no damage. Something hits you but does no damage.
A sky beast appears from thin air!
Reactivating autopickup.
You barely miss the sky beast. You kick the sky beast.
You headbutt the sky beast!
You kill the sky beast!
You closely miss the orc warrior. You kick the orc warrior.
The orc warrior is lightly wounded.
The orc warrior hits you but does no damage.
You sock the orc warrior! Your kick misses the orc warrior.
You headbutt the orc warrior.
The orc warrior is heavily wounded.
The orc warrior hits you with a +0 war axe!
* * * LOW HITPOINT WARNING * * *
The orc warrior hits you with a +0 war axe!
You die...

..# #...# .#
#.#.#######
#..........
###.####### #.#
##.########
#..([......
############..########
. #......o@.....# ...
#.##########.##
!##..####.## ###
......))...#
..#.#...)#...#
#...##...### ......
##.## ###.. .. ### ###


You could see an orc warrior.

Vanquished Creatures
  Sigmund (D:2)
  A water moccasin (D:7)
  2 sky beasts
  A black bear (D:7)
  2 phantoms
  A kobold brigand (D:6)
  A bullfrog (D:7)
  2 scorpions (D:6)
  2 jellies (D:6)
  5 hounds
  An orc priest (D:7)
  Crazy Yiuf (D:3)
  3 iguanas
  3 orc wizards
  7 adders
  5 gnolls
  2 white imps
  3 dart slugs (D:1)
  19 orcs
  9 ball pythons
  12 bats
  8 endoplasms
  3 giant cockroaches
  10 hobgoblins
  8 jackals
  16 kobolds
  3 quokkas
  5 frilled lizards
  8 goblins
  7 rats
151 creatures vanquished.

Vanquished Creatures (others)
  A butterfly (D:3)
  A plant (D:5)
2 creatures vanquished.

Grand Total: 153 creatures vanquished

Notes
Turn   | Place    | Note
-------+----------+-------------------------------------------
     0 | D:5      | flotson the Demonspawn Delver began the quest for the Orb.
     0 | D:5      | Reached XP level 1. HP: 18/18 MP: 1/1
   335 | D:4      | Noticed an orc wizard
   342 | D:4      | Noticed an orc wizard
   344 | D:4      | Noticed a hound
   596 | D:3      | Found a sacrificial altar of Ru.
   664 | D:3      | Discovered your monstrous ancestry.
   664 | D:3      | Gained mutation: You have a pair of small horns on your
                  | head. [demonic ancestry]
   664 | D:3      | Reached XP level 2. HP: 19/24 MP: 2/2
  1038 | D:2      | Reached skill level 1 in Evocations
  1067 | D:1      | Gained mutation: You may rarely emit foul miasma when
                  | damaged in melee. [demonic ancestry]
  1067 | D:1      | Reached XP level 3. HP: 11/29 MP: 3/3
  1072 | D:1      | Reached skill level 1 in Armour
  1678 | D:1      | Reached skill level 1 in Throwing
  1900 | D:2      | Reached XP level 4. HP: 35/35 MP: 4/4
  1951 | D:2      | Noticed Sigmund
  2020 | D:2      | Found Bepuacw's Antique Weapon Shoppe.
  2189 | D:2      | Found a faded altar of an unknown god.
  2919 | D:3      | Found a runed translucent door.
  2920 | D:3      | Noticed Crazy Yiuf
  3103 | D:3      | Killed Crazy Yiuf
  3309 | D:2      | Killed Sigmund
  3310 | D:2      | Reached skill level 4 in Fighting
  3310 | D:2      | Gained mutation: You have a pair of horns on your head.
                  | [demonic ancestry]
  3310 | D:2      | Reached XP level 5. HP: 40/42 MP: 5/5
  3310 | D:2      | Gained mutation: You have large cloven feet. [demonic
                  | ancestry]
  3310 | D:2      | Reached XP level 6. HP: 45/48 MP: 6/6
  3905 | D:4      | Found a hide-covered altar of Uskayaw.
  4487 | D:4      | Found Kyseceaf's Distillery.
  4495 | D:4      | Bought a potion of degeneration for 10 gold pieces
  4495 | D:4      | Bought a potion of heal wounds for 50 gold pieces
  4495 | D:4      | Bought a potion of might for 40 gold pieces
  4505 | D:4      | Reached XP level 7. HP: 55/55 MP: 7/7
  5696 | D:6      | Reached skill level 5 in Fighting
  5956 | D:6      | Gained mutation: You have a small tail. [demonic ancestry]
  5956 | D:6      | Reached XP level 8. HP: 59/62 MP: 8/8
  5985 | D:6      | Identified the +1 robe "Maw Hone" {rPois}
  7226 | D:7      | Slain by an orc warrior

Illustrated notes

Levels and vault maps discovered:
D:1:      lightli_arrival_farm, layout_rooms
D:2:      layout_basic, serial_shops, shop_coins, basic_ecumenical_altar,
          st_stairs_12, uniq_sigmund
D:3:      layout_basic, nicolae_elyvilon_peaceful_grove,
          nicolae_ru_awakened_eye, uniq_crazy_yiuf_cottage
D:4:      layout_basic, nicolae_uskayaw_murder_on_the_dancefloor,
          minmay_shop_grid_forest, grunt_ministairs_1, minmay_close_crescents
D:5:      corexii_shack_village, layout_basic
D:6:      layout_basic, grunt_ministairs_10
D:7:      layout_loops_ring, minmay_temple_entry_ruins,
          kennysheep_generic_room_2

Skill      XL: |  1  2  3  4  5  6  7  8 |
---------------+-------------------------+-----
Dodging        | 2 3 4 |  4.7
Evocations     | 1 2 3 4 |  4.7
Armour         | 1 2 3 4 |  4.2
Throwing       | 1 2 3 4 |  4.2
Fighting       | 4 5 |  5.7
Polearms       | |  1.7
Stealth        | |  4.5

Action                   |  1- 3 |  4- 6 |  7- 9 || total
-------------------------+-------+-------+-------++-------
Melee: Spear             |   148 |    45 |       ||   193
       Headbutt          |    11 |     8 |    24 ||    43
       Punch             |     2 |       |       ||     2
       Quarterstaff      |       |    77 |   116 ||   193
       Kick              |       |    14 |    33 ||    47
       Tailslap          |       |       |     6 ||     6
Throw: Dart              |       |     3 |       ||     3
Evoke: Wand              |       |     2 |       ||     2
  Use: Potion            |       |       |     3 ||     3
 Stab: Sleeping          |     7 |     4 |     9 ||    20
Armor: Ring mail         |    62 |    52 |    80 ||   194
       Leather armour    |     2 |       |       ||     2
Dodge: Dodged            |    67 |    70 |   103 ||   240

Table legend: (Time is in decaauts)
 A = Elapsed time spent in this place.
 B = Non-inter-level travel time spent in this place.
 C = Inter-level travel time spent in this place.
 D = Time resting spent in this place.
 E = Time spent auto-exploring this place.
 F = Levels seen in this place.
 G = Mean time per level.
                   A        B        C        D        E       F      G
               +--------+--------+--------+--------+--------+-----+--------+
         Total |   7296 |   7086 |    210 |    391 |   5562 |   7 | 1042.3 |
       Dungeon |   7296 |   7086 |    210 |    391 |   5562 |   7 | 1042.3 |
               +--------+--------+--------+--------+--------+-----+--------+

Top non-repeatable levels by time:
     D:3: 1657 daAuts
     D:6: 1493 daAuts
     D:5: 1106 daAuts
     D:4: 1091 daAuts
     D:1: 803 daAuts
     D:2: 751 daAuts
     D:7: 392 daAuts
